 Dungeon Crawl Stone Soup version 0.28.0-43-g3370ac3207 (webtiles) character file.

Game seed: 17104754496379924281

36043 safid the Severer (level 13, -7/119 HPs)
             Began as a Hill Orc Fighter on Mar 7, 2022.
             Was a High Priest of Beogh.
             Splashed by a goliath frog's acid (8 damage)
             ... on level 6 of the Lair of Beasts.
             The game lasted 00:35:54 (21004 turns).

safid the Severer (Hill Orc Fighter)               Turns: 21004, Time: 00:35:54

Health: -7/119     AC: 22    Str: 28    XL:     13   Next: 87%
Magic:  18/21      EV:  8    Int:  8    God:    Beogh [*****.]
Gold:   1170       SH:  8    Dex: 10    Spells: 12/12 levels left

rFire   . . .      SeeInvis .   a - +0 war axe
rCold   . . .      Faith    .   T - +0 kite shield
rNeg    + . .      Spirit   .   C - +3 chain mail {rPois}
rPois   +          Reflect  .   P - +0 helmet
rElec   .          Harm     .   z - +2 cloak
rCorr   .          Rampage  .   I - +0 pair of gloves
Will    +....                   (no boots)
Stlth   ..........              (no amulet)
HPRegen 0.29/turn               W - ring "Luraegoo" {rN+ Str+4 Stlth+}
MPRegen 0.17/turn               J - ring of willpower

@: about to teleport
A: walk on water
a: Renounce Religion, Smiting, Recall Orcish Followers, Give Item to Named
Follower


You were on level 6 of the Lair of Beasts.
You worshipped Beogh.
Beogh was extremely pleased with you.
You visited 2 branches of the dungeon, and saw 17 of its levels.
You also visited: Volcano.

You collected 1170 gold pieces.

Inventory:

Hand Weapons
 a - a +0 war axe (weapon)
 p - a +2 vampiric hand axe
Missiles
 q - 6 curare-tipped darts
 s - 32 poisoned darts
 w - 2 silver boomerangs
 x - 18 boomerangs of dispersal
 B - 3 javelins
 E - a throwing net
Armour
 z - a +2 cloak (worn)
 C - a +3 chain mail of poison resistance (worn)
 G - a +3 chain mail of willpower
 I - a +0 pair of gloves (worn)
 P - a +0 helmet (worn)
 T - a +0 kite shield (worn)
Jewellery
 h - a ring of flight
 J - a ring of willpower (right hand)
 W - the ring "Luraegoo" (left hand) {rN+ Str+4 Stlth+}
   (You found it on level 5 of the Lair of Beasts)

   [ring of positive energy]

   Str:       It affects your strength (+4).
   rN:        It protects you from negative energy.
   Stlth:     It makes you more stealthy.
Wands
 i - a wand of mindburst (21)
 y - a wand of charming (12)
 A - a wand of polymorph (15)
 F - a wand of digging (12)
 K - a wand of acid (5) (quivered)
 L - a wand of iceblast (8)
 R - a wand of flame (21)
 U - a wand of paralysis (3)
Scrolls
 b - 2 scrolls of enchant weapon
 e - 4 scrolls of brand weapon
 j - 8 scrolls of teleportation
 k - 2 scrolls of amnesia {unknown}
 o - 2 scrolls of holy word {unknown}
 u - 2 scrolls of torment {unknown}
 D - 3 scrolls of fear {unknown}
 N - 2 scrolls of fog {unknown}
 O - a scroll of immolation {unknown}
 Q - 2 scrolls of blinking {unknown}
 S - a scroll of summoning {unknown}
Potions
 d - 2 potions of might
 f - 3 potions of curing
 g - a potion of flight {unknown}
 l - 3 potions of heal wounds
 m - a potion of berserk rage {unknown}
 r - 3 potions of haste
 t - a potion of lignification {unknown}
 v - a potion of cancellation {unknown}
 H - a potion of invisibility {unknown}
 M - a potion of brilliance
 V - a potion of resistance {unknown}
Miscellaneous
 c - a phial of floods


   Skills:
 + Level 12.7 Fighting
 - Level 16.0 Axes
 + Level 12.3 Armour
 - Level 2.0 Dodging
 + Level 5.3 Shields
 + Level 10.7 Invocations
 - Level 10.0 Evocations


You had 12 spell levels left.
You didn't know any spells.
Your spell library contained the following spells:

 Spells                   Type           Power      Damage    Failure   Level
 Apportation              Tloc           0%         N/A       99%         1
 Beastly Appendage        Tmut           0%         N/A       99%         1
 Foxfire                  Conj/Fire      0%         2x1d4     99%         1
 Sandblast                Erth           0%         2d4       99%         1
 Shock                    Conj/Air       0%         1d3       99%         1
 Blink                    Tloc           0%         N/A       100%        2
 Passwall                 Tmut/Erth      0%         N/A       100%        2
 Wereblood                Tmut           0%         N/A       100%        2
 Conjure Flame            Conj/Fire      0%         6-21      100%        3
 Dazzling Flash           Conj/Hex       0%         N/A       100%        3
 Gell's Gravitas          Tloc           0%         N/A       100%        3
 Ignite Poison            Fire/Tmut/Pois 0%         N/A       100%        3
 Inner Flame              Hex/Fire       0%         N/A       100%        3
 Lesser Beckoning         Tloc           0%         N/A       100%        3
 Mephitic Cloud           Conj/Pois/Air  0%         N/A       100%        3
 Ozocubu's Armour         Ice            0%         N/A       100%        3
 Spider Form              Tmut/Pois      0%         N/A       100%        3
 Stone Arrow              Conj/Erth      0%         3d7       100%        3
 Swiftness                Air            0%         N/A       100%        3
 Teleport Other           Tloc           0%         N/A       100%        3
 Tukima's Dance           Hex            0%         N/A       100%        3
 Airstrike                Air            0%         N/A       100%        4
 Anguish                  Hex/Necr       0%         N/A       100%        4
 Flame Wave               Conj/Fire      0%         2d4       100%        4
 Iskenderun's Mystic Bla  Conj/Tloc      0%         2d3       100%        4
 Leda's Liquefaction      Hex/Erth       0%         N/A       100%        4
 Freezing Cloud           Conj/Ice/Air   0%         6-21      100%        5
 Lee's Rapid Deconstruct  Erth           0%         3d5*      100%        5
 Manifold Assault         Tloc           0%         N/A       100%        5
 Dispersal                Tloc           0%         N/A       100%        6
 Starburst                Conj/Fire      0%         6d3       100%        6
 Statue Form              Tmut/Erth      0%         N/A       100%        6
 Enfeeble                 Hex            0%         N/A       100%        7
 Ozocubu's Refrigeration  Ice            0%         4d5       100%        7


Dungeon Overview and Level Annotations

Branches:
Dungeon (11/15)            Temple (0/1) D:6            Lair (6/6) D:10
  Swamp (0/4) Lair:4       Spider (0/4) Lair:2      Volcano (visited)
  Slime: Lair:5-6       Orc: D:9-12

Altars:
Fedhas
Qazlal
Yredelemnul

Shops:
D:6 *

Annotations:
Lair:1 exclusion: oklob plant


Message History

Wulfoc shoots a bolt.
The bolt hits the cane toad!!
The cane toad dies!
Beogh accepts your kill.
Beogh blesses Wulfoc with healing.
A yak comes into view.
A blink frog comes into view.
A yak comes into view.
The blink frog croaks.
The yak bellows!
A yak comes into view.
The vampire mosquito bites you.
The vampire mosquito draws strength from your injuries!
The vampire mosquito bites you but does no damage.
Wulfoc shoots a bolt.
The bolt closely misses the vampire mosquito.
You block the bolt.
The goliath frog hits you but does no damage.
The blink frog blinks!
The yak bellows!
You hit the electric eel.
The electric eel is moderately wounded.
You miss the blink frog. You slash the vampire mosquito!
You destroy the vampire mosquito!
Beogh accepts your kill.
You slash the vampire mosquito!
You hear a loud, deep croak!
The vampire mosquito bites you but does no damage.
The blink frog hits you!
The blink frog blinks!
The electric eel shoots out a bolt of lightning at you!
The bolt of electricity misses you.
The bolt of electricity hits Wulfoc!
The vampire mosquito barely misses you. The goliath frog hits you from afar!
* * * LOW HITPOINT WARNING * * *
You are splashed with acid!
* * * LOW HITPOINT WARNING * * *
As you read the scroll of teleportation, it crumbles to dust.
You feel strangely unstable. The vampire mosquito bites you.
* * * LOW HITPOINT WARNING * * *
The cane toad completely misses you.
A bullfrog comes into view.
The goliath frog hits you from afar!
* * * LOW HITPOINT WARNING * * *
You are splashed with acid!
You die...

#≈≈≈≈#≈[.P≈.≈≈#≈≈≈≈
#≈≈≈≈≈)(.≈≈≈≈# ≈≈≈
###≈≈≈![[≈≈≈## #≈
#≈≈≈≈≈(.≈#≈≈≈#
#≈≈≈≈≈≈o≈#≈≈≈≈#
≈#≈≈≈.≈≈≈##≈≈≈≈≈
≈≈≈≈≈≈.F.## ≈≈≈
≈≈≈≈≈≈≈≈F†y# ≈
≈≈≈≈≈≈≈≈≈@##
≈≈.≈≈≈≈≈FS#
≈≈≈Y≈≈≈≈≈≈
≈≈≈≈≈≈≈≈≈≈#
≈≈Y≈§≈≈≈≈≈#
≈≈Y≈≈≈≈≈≈≈≈
≈≈Y≈≈≈.≈≈≈
F≈≈.≈≈≈....


You could see a goliath frog, 4 yaks, a cane toad, a blink frog, a vampire
mosquito, a bullfrog, an electric eel (ally target) and the friendly Wulfoc the
orc knight.

Vanquished Creatures
  A fire dragon (Volcano)
  A hydra (Lair:6)
  Harold (D:7)
  Erica (D:8)
  A two-headed ogre (D:10)
  A bog body (Lair:4)
  A lindwurm (Volcano)
  Pikel (D:6)
  An elephant (D:10)
  Maurice (D:8)
  A cyclops (D:6)
  Joseph (D:8)
  9 cane toads
  2 rime drakes
  5 komodo dragons
  A polar bear (Lair:2)
  2 trolls
  2 hornets
  A tyrant leech (Lair:6)
  Grinder (D:5)
  2 blink frogs (Lair:6)
  2 jumping spiders (Lair:5)
  7 spriggans (D:10)
  3 wyverns
  35 yaks
  12 fire bats (Volcano)
  5 basilisks
  A wraith (D:10)
  2 redbacks (Lair:5)
  3 vampire mosquitoes
  An acid dragon (D:9)
  2 swamp worms (Lair:4)
  A hell hound (Volcano)
  11 water moccasins
  4 sky beasts
  3 ice beasts
  A black bear (Lair:1)
  A necrophage (D:6)
  3 orc warriors
  15 wolves
  3 centaurs
  3 lemures (D:6)
  6 kobold brigands
  7 bullfrogs
  A gnoll sergeant (D:9)
  4 scorpions
  A wyvern skeleton (D:5)
  4 killer bees (D:9)
  A bullfrog zombie (D:5)
  4 howler monkeys
  8 lava snakes
  5 centaur zombies
  4 jellies
  4 gnoll shamans
  A hound (D:6)
  4 orc priests
  3 iguanas
  3 orc wizards
  5 hell rats
  2 killer bee zombies
  A howler monkey zombie (D:10)
  25 gnolls
  7 adders
  7 river rats (Lair:3)
  A shadow imp (D:7)
  A white imp (D:5)
  2 worms
  17 orcs
  7 bats
  7 endoplasms
  3 giant cockroaches
  3 goblins
  6 hobgoblins
  6 jackals
  27 kobolds
  A quokka (D:1)
  4 ball pythons
  A frilled lizard (D:3)
  2 rats
350 creatures vanquished.

Vanquished Creatures (collateral kills)
  A boulder beetle (Lair:5)
  A lindwurm (Lair:5)
  2 black mambas
  A torpor snail (Lair:5)
  4 elephants (Lair:5)
  7 cane toads
  A tyrant leech (Lair:6)
  6 blink frogs (Lair:6)
  2 jumping spiders (Lair:5)
  A wyvern (Lair:5)
  11 yaks
  3 vampire mosquitoes (Lair:6)
  A swamp worm (Lair:4)
  3 water moccasins (Lair:5)
  6 bullfrogs
  An electric eel (Lair:4)
  A lava snake (Lair:5)
  4 hell rats
56 creatures vanquished.

Vanquished Creatures (others)
  An orc priest (D:7)
  2 orc wizards
  2 orcs (D:7)
  24 fungi
  85 plants
114 creatures vanquished.

Grand Total: 520 creatures vanquished

Notes
Turn   | Place    | Note
-------+----------+-------------------------------------------
     0 | D:1      | safid the Hill Orc Fighter began the quest for the Orb.
     0 | D:1      | Reached XP level 1. HP: 19/19 MP: 1/1
   298 | D:1      | Reached XP level 2. HP: 24/27 MP: 2/2
   307 | D:1      | Reached skill level 3 in Axes
   412 | D:1      | Found a faded altar of an unknown god.
  1040 | D:2      | Reached XP level 3. HP: 33/33 MP: 3/3
  1270 | D:2      | Found a blossoming altar of Fedhas.
  1735 | D:3      | Reached XP level 4. HP: 25/40 MP: 4/4
  2432 | D:4      | Noticed a scorpion
  2439 | D:4      | Killed a scorpion
  2440 | D:4      | Reached skill level 5 in Axes
  2440 | D:4      | Reached XP level 5. HP: 38/46 MP: 5/5
  3316 | D:4      | Reached skill level 6 in Axes
  3681 | D:5      | Entered Level 5 of the Dungeon
  3686 | D:5      | Reached skill level 7 in Axes
  3686 | D:5      | Reached XP level 6. HP: 36/52 MP: 6/6
  3786 | D:5      | Noticed a sky beast
  3799 | D:5      | Killed a sky beast
  3800 | D:5      | Reached skill level 8 in Axes
  4213 | D:5      | Noticed a water moccasin
  4229 | D:5      | Killed a water moccasin
  4230 | D:5      | Reached skill level 9 in Axes
  4230 | D:5      | Reached XP level 7. HP: 18/59 MP: 7/7
  4499 | D:5      | Noticed Grinder
  4517 | D:5      | Killed Grinder
  4518 | D:5      | Reached skill level 10 in Axes
  4518 | D:5      | Reached XP level 8. HP: 37/66 MP: 8/8
  4741 | D:5      | Reached skill level 11 in Axes
  5441 | D:6      | Found Kejatyt's Overcharged Wands.
  5800 | D:6      | Noticed Pikel
  5810 | D:6      | Killed Pikel
  5811 | D:6      | Reached skill level 13 in Axes
  6180 | D:6      | Noticed a cyclops
  6195 | D:6      | Killed a cyclops
  6196 | D:6      | Reached skill level 14 in Axes
  6196 | D:6      | Reached XP level 9. HP: 71/71 MP: 9/9
  6460 | D:6      | Reached skill level 15 in Axes
  6689 | D:6      | Found a staircase to the Ecumenical Temple.
  6889 | D:7      | Reached skill level 16 in Axes
  6983 | D:7      | Reached skill level 1 in Invocations
  6983 | D:7      | Reached skill level 1 in Evocations
  7158 | D:7      | Reached skill level 5 in Fighting
  7158 | D:7      | Reached XP level 10. HP: 38/81 MP: 10/12
  7161 | D:7      | Reached skill level 5 in Armour
  7435 | D:7      | Became a worshipper of Beogh the Brigand
  7984 | D:8      | Noticed Joseph
  7990 | D:8      | Reached * piety under Beogh
  8014 | D:8      | Killed Joseph
  8069 | D:8      | Noticed Maurice
  8247 | D:8      | Noticed Erica
  8247 | D:8      | Noticed Harold
  8269 | D:7      | Killed Harold
  8270 | D:7      | Reached skill level 5 in Invocations
  8409 | D:8      | Killed Erica
  8721 | D:8      | Killed Maurice
  8866 | D:8      | Reached skill level 5 in Evocations
  8866 | D:8      | Reached XP level 11. HP: 54/92 MP: 15/15
  9026 | D:8      | Found a basalt altar of Yredelemnul.
  9184 | D:9      | Reached ** piety under Beogh
  9904 | D:10     | Entered Level 10 of the Dungeon
 10395 | D:10     | Reached *** piety under Beogh
 10683 | D:10     | Found a staircase to the Lair.
 11229 | D:10     | Noticed a two-headed ogre
 11248 | D:10     | Killed a two-headed ogre
 11502 | D:11     | Reached skill level 10 in Fighting
 11537 | D:11     | Noticed a four-headed hydra
 11559 | Lair:1   | Entered Level 1 of the Lair of Beasts
 11568 | Lair:1   | Reached XP level 12. HP: 86/106 MP: 16/16
 11653 | Lair:1   | Found a dark tunnel.
 11861 | Volcano  | Entered a volcano
 12366 | Volcano  | Noticed a fire dragon
 12369 | Volcano  | Reached skill level 10 in Armour
 12374 | Volcano  | Killed a fire dragon
 12395 | Volcano  | Reached **** piety under Beogh
 12396 | Volcano  | Found a radiant altar of Vehumet.
 12850 | Volcano  | Noticed a soul eater
 13283 | Lair:1   | Reached skill level 10 in Evocations
 13783 | Lair:1   | Reached skill level 1 in Dodging
 14876 | Lair:2   | Found a hole to the Spider Nest.
 15887 | Lair:2   | Found a stormy altar of Qazlal.
 16146 | Lair:3   | You fall into a shaft and drop 2 floors!
 16239 | Lair:4   | Reached XP level 13. HP: 49/116 MP: 18/18
 16735 | Lair:3   | Gained Wulfoc as an ally
 17621 | Lair:4   | Found a staircase to the Swamp.
 18463 | Lair:5   | Reached ***** piety under Beogh
 19995 | Lair:5   | Found a runed translucent door.
 20024 | Lair:6   | Entered Level 6 of the Lair of Beasts
 20081 | Lair:5   | Identified the +6 whip of Glory {venom, rElec Str+3 Dex+3}
 20088 | Lair:5   | Reached skill level 10 in Invocations
 20193 | Lair:5   | Found a runed translucent gate.
 20193 | Lair:5   | Found a runed translucent gate.
 20193 | Lair:5   | Found a runed translucent gate.
 20193 | Lair:5   | Found a runed translucent gate.
 20193 | Lair:5   | Found a runed translucent gate.
 20193 | Lair:5   | Found a runed translucent gate.
 20345 | Lair:5   | Identified the ring "Luraegoo" {rN+ Str+4 Stlth+}
 20858 | Lair:6   | Reached skill level 5 in Shields
 20985 | Lair:6   | Got Haown's Grimoire of Dark Rites and the Compass
 21004 | Lair:6   | HP: 1/119 [goliath frog (15)]
 21004 | Lair:6   | Splashed by a goliath frog's acid

Illustrated notes

Levels and vault maps discovered:
D:1:      dpeg_arrival_short_road, layout_loops_ring,
          hellmonk_ecumenical_altar_lost_god
D:2:      layout_basic, basic_altar
D:3:      layout_rooms, hangedman_decor_points
D:4:      layout_layer_cave
D:5:      layout_loops_ring, amcnicky_mini_pool_small, minmay_misc_feat_doors,
          nicolae_zen_rock_garden, hangedman_abyss_or_decor_passed, uniq_grinder
D:6:      cheibrodos_thug_alley, layout_basic, temple_hall,
          nicolae_shop_overcharged_wands, uniq_pikel
D:7:      layout_layer_cave, minmay_unpleasant_kobolds
D:8:      layout_basic, mainiacjoe_overflow_brackets, uniq_erica, uniq_harold,
          uniq_maurice, uniq_joseph
D:9:      layout_basic
D:10:     kb_forest_paths, layout_basic, david_lair_generic,
          kennysheep_generic_room_7
D:11:     layout_irregular_city
Lair:1:   minmay_lair_oklob_tunnel, layout_loops_ring,
          nicolae_volcano_entry_s_turn, chequers_serial_rivers_large_b
Lair:2:   layout_long_grid, spider_nest_entry_web_field, basic_altar,
          infiniplex_staircase_pool
Lair:3:   layout_loops_ring, serial_bayou_pond_e, kennysheep_rathole,
          lemuel_fruit_fields, serial_bayou_shore_b
Lair:4:   layout_small_grid, nicolae_swamp_entry_splash_gauntlet,
          amcnicky_mini_pool_medium
Lair:5:   gammafunk_indiana_jones, layout_hall_layers, beast_lair_carwin_11,
          grunt_megastairs_1
Lair:6:   minmay_lair_end_frog_pond, layout_gridlike, dpeg_slime_entry_corner

Skill      XL: |  1  2  3  4  5  6  7  8  9 10 11 12 13 |
---------------+----------------------------------------+-----
Axes           | 3 5 7 9 10 14 16 | 16.0
Fighting       | 4 5 7 10 11 12 | 12.7
Shields        | 4 5 |  5.3
Armour         | 4 7 9 10 12 | 12.3
Invocations    | 3 6 7 10 | 10.7
Evocations     | 2 5 7 10 | 10.0
Dodging        | 2 |  2.0

Action                   |  1- 3 |  4- 6 |  7- 9 | 10-12 | 13-15 || total
-------------------------+-------+-------+-------+-------+-------++-------
Melee: War axe           |    96 |    97 |   194 |   928 |   337 ||  1652
Throw: Dart              |       |       |     8 |    19 |       ||    27
Invok: Convert to Beogh  |       |       |       |     1 |       ||     1
       Smiting           |       |       |       |       |     2 ||     2
       Recall Orcish Fol |       |       |       |       |     1 ||     1
Evoke: Wand              |       |       |       |     5 |       ||     5
  Use: Potion            |       |     1 |       |     1 |     1 ||     3
       Scroll            |       |       |     5 |     4 |     4 ||    13
 Stab: Distracted        |       |       |       |       |     3 ||     3
Armor: Scale mail        |    54 |    31 |    37 |       |       ||   122
       Plate armour      |       |       |    42 |     7 |       ||    49
       Chain mail        |       |       |       |   505 |   182 ||   687
Dodge: Dodged            |    52 |    43 |    63 |   269 |   107 ||   534
Block: Buckler           |    26 |    18 |    31 |   157 |    29 ||   261
       Kite shield       |       |       |       |       |    61 ||    61
